[Event "Titled Tuesday Blitz May 31 Late 2022"]
[White "Karttunen, Mika"]
[Black "Rios Escobar, Adan"]
[WhiteFideId "502081"]
[BlackFideId "3403645"]
[WhiteElo "2343"]
[BlackElo "2429"]
[Result "1-0"]
[Round "10"]
[TimeControl "180+1"]
[Date "2022.06.01"]
[WhiteClock "0:00:11"]
[BlackClock "0:00:01"]

1. c4 Nf6 2. Nc3 g6 3. g3 Bg7 4. Bg2 c5 5. e3 O-O 6. Nge2 Nc6 7. O-O Rb8 8. d4 cxd4 9. exd4 d6 10. d5 Ne5 11. b3 Bg4 12. f3 Bf5 13. Be3 Bd3 14. Rc1 a6 15. a4 b5 16. axb5 axb5 17. Nxb5 Rxb5 18. cxb5 Nxd5 19. Bf2 Nb4 20. b6 Ba6 21. Rc7 Ned3 22. Bd4 e5 23. Ba1 Nd5 24. Qc2 N3b4 25. Qd2 Qb8 26. Rc4 Qxb6+ 27. Kh1 Bxc4 28. bxc4 Ne3 29. Rb1 Nec2 30. Bc3 Rb8 31. Nc1 Qc5 32. Nd3 Nxd3 33. Rxb8+ Bf8 34. Qxd3 Qf2 35. Qf1 Qe3 36. Bb4 Nd4 37. Bxd6 Ne6 38. c5 Kg7 39. Bxf8+ Nxf8 40. c6 Qc5 41. f4 exf4 42. gxf4 Ne6 43. Qa1+ Kh6 44. Rb3 Nd4 45. Rd3 f6 46. Qxd4 Qc1+ 47. Rd1 Qc2 48. Qd2 Qc4 49. f5+ g5 50. Qd5 Qc3 51. Qd6 Kh5 52. c7 h6 53. Qd7 Kh4 54. c8=Q Qe3 55. Qc4+ g4 56. Qdd3 Qg5 57. Qg3+ Kh5 58. Bf3 1-0


[Site "https://www.chess.com"]

[Event "Titled Tuesday Blitz May 31 Late 2022"]
[White "Keller, Peter"]
[Black "Al-Tarboush, Ward"]
[WhiteFideId "1272105"]
[BlackFideId "7601450"]
[WhiteElo "2275"]
[BlackElo "2294"]
[Result "0-1"]
[Round "10"]
[TimeControl "180+1"]
[Date "2022.05.31"]
[WhiteClock "0:00:03"]
[BlackClock "0:00:24"]

1. e4 b6 2. d4 Bb7 3. Bd3 e6 4. Nf3 c5 5. c3 Nf6 6. O-O Nxe4 7. Re1 f5 8. Ne5 Qh4 9. g3 Qf6 10. h4 Bd6 11. Bf4 O-O 12. Nd2 cxd4 13. cxd4 Bb4 14. Re2 d6 15. Bxe4 fxe4 16. Bg5 Qxg5 17. hxg5 dxe5 18. Qb3 Bxd2 19. Qxe6+ Kh8 20. Rxd2 Nc6 21. d5 Nd4 22. Qd7 Nf3+ 23. Kg2 Bc8 24. Qc6 Nxg5 25. Rh1 Bg4 26. d6 e3 27. Rd5 Bf3+ 28. Kg1 e2 29. Qc1 Bxd5 30. Kh2 Nf3+ 31. Kh3 Rf6 0-1


[Site "https://www.chess.com"]

[Event "Titled Tuesday Blitz May 31 Late 2022"]
[White "Kobalia, Mikhail"]
[Black "Buchenau, Frank"]
[WhiteFideId "4119150"]
[BlackFideId "4604350"]
[WhiteElo "2667"]
[BlackElo "2157"]
[Result "1-0"]
[Round "10"]
[TimeControl "180+1"]
[Date "2022.05.31"]
[WhiteClock "0:01:17"]
[BlackClock "0:00:02"]

1. e4 e6 2. d3 d5 3. Nd2 Nf6 4. Ngf3 b6 5. e5 Ng8 6. d4 Ne7 7. c3 c5 8. Bd3 Qd7 9. O-O Ba6 10. Ne1 Bxd3 11. Nxd3 Nf5 12. Nf3 Be7 13. g4 Nh4 14. Nxh4 Bxh4 15. f4 h6 16. dxc5 bxc5 17. Nxc5 Qb5 18. Be3 Nc6 19. f5 Bg5 20. Bd4 Nxd4 21. cxd4 O-O 22. b3 exf5 23. gxf5 Rac8 24. Kh1 Be3 25. Rf3 Bxd4 26. Qxd4 Rxc5 27. Rg1 Qe2 28. Qg4 g5 29. fxg6 f5 30. Rxf5 Qxg4 31. Rxf8+ Kxf8 32. Rxg4 Kg7 33. e6 Rc1+ 34. Kg2 Re1 35. Ra4 Rxe6 36. Rxa7+ Kxg6 37. Kf3 Kf6 38. b4 Ke5 39. b5 Kd4 40. a4 Re3+ 41. Kf4 Rb3 42. Ra6 Kc3 43. Rc6+ Kb4 44. b6 Kxa4 45. Ke5 Rb5 46. Rxh6 Ka5 47. h4 Ka6 48. Kd4 Kb7 49. h5 1-0


[Site "https://www.chess.com"]

[Event "Titled Tuesday Blitz May 31 Late 2022"]
[White "Koellner, Ruben Gideon"]
[Black "Bringas Gomez, Artai"]
[WhiteFideId "12993093"]
[BlackFideId "24534064"]
[WhiteElo "2586"]
[BlackElo "1952"]
[Result "1/2-1/2"]
[Round "10"]
[TimeControl "180+1"]
[Date "2022.05.31"]
[WhiteClock "0:00:31"]
[BlackClock "0:00:18"]

1. d4 Nf6 2. Bg5 Ne4 3. Bf4 c5 4. f3 Qa5+ 5. c3 Nf6 6. d5 d6 7. e4 Nbd7 8. Nd2 Rb8 9. Nc4 Qc7 10. a4 g6 11. Qd2 Nh5 12. Be3 Bg7 13. g4 Nhf6 14. Bh6 Bxh6 15. Qxh6 Nb6 16. Ne3 Bd7 17. a5 Na4 18. Nc4 b5 19. axb6 axb6 20. Qd2 b5 21. Ne3 b4 22. c4 O-O 23. Bd3 e6 24. Ne2 exd5 25. exd5 Rfe8 26. Kf2 Re5 27. b3 Nc3 28. Nxc3 bxc3 29. Qxc3 h5 30. h3 Rbe8 31. Rhe1 hxg4 32. Nxg4 Bxg4 33. hxg4 Qd8 34. Kg3 Nh5+ 35. gxh5 Qg5+ 36. Kf2 Qh4+ 37. Kf1 Qh3+ 38. Kf2 Qh2+ 39. Kf1 Qh3+ 40. Kf2 Qh2+ 41. Kf1 Qh3+ 1/2-1/2


[Site "https://www.chess.com"]

[Event "Titled Tuesday Blitz May 31 Late 2022"]
[White "Korchmar, Vasiliy"]
[Black "Yurovskykh, Oleksandr"]
[WhiteFideId "24131750"]
[BlackFideId "14134020"]
[WhiteElo "2370"]
[BlackElo "2292"]
[Result "1-0"]
[Round "10"]
[TimeControl "180+1"]
[Date "2022.05.31"]
[WhiteClock "0:00:57"]
[BlackClock "0:00:02"]

1. e4 d5 2. exd5 Qxd5 3. Nc3 Qd8 4. d4 Nf6 5. Bc4 a6 6. Nf3 b5 7. Bb3 c5 8. dxc5 Qxd1+ 9. Nxd1 e6 10. Be3 Nfd7 11. a4 b4 12. a5 Bxc5 13. Ra4 Nc6 14. O-O Bxe3 15. Nxe3 Nc5 16. Raa1 Nxb3 17. cxb3 Ke7 18. Nc4 Bb7 19. Ng5 Nd4 20. Ra4 Bd5 21. Nb6 Rad8 22. Rxb4 Nc6 23. Nxd5+ Rxd5 24. Rb7+ Rd7 25. Rxd7+ Kxd7 26. Nxf7 Rb8 27. Ng5 Rxb3 28. Nxh7 Rxb2 29. Re1 e5 30. h4 Ra2 31. Rb1 Nxa5 32. Rb6 Nc6 33. Rb7+ Kd6 34. Rxg7 a5 35. Rg8 a4 36. Ng5 a3 37. Ra8 Ra1+ 38. Kh2 a2 39. h5 Nb4 40. h6 Nd3 41. h7 Nxf2 42. Rxa2 Rxa2 43. h8=Q Ng4+ 44. Kg3 1-0


[Site "https://www.chess.com"]

[Event "Titled Tuesday Blitz May 31 Late 2022"]
[White "Ladan, Nicholas"]
[Black "Martin Carmona, Gaston Manuel"]
[WhiteFideId "30918855"]
[BlackFideId "22284567"]
[WhiteElo "2167"]
[BlackElo "2162"]
[Result "0-1"]
[Round "10"]
[TimeControl "180+1"]
[Date "2022.06.01"]
[WhiteClock "0:00:11"]
[BlackClock "0:00:27"]

1. d4 Nf6 2. c4 e6 3. g3 d5 4. Nf3 Be7 5. Bg2 O-O 6. O-O c6 7. Qc2 b6 8. Rd1 Bb7 9. b3 Nbd7 10. Nc3 Rc8 11. e4 dxe4 12. Nxe4 Nxe4 13. Qxe4 Nf6 14. Qe2 Bd6 15. Ne5 Qe7 16. Bb2 c5 17. dxc5 Bxc5 18. Nd7 Nxd7 19. Bxb7 Rb8 20. Bg2 Nf6 21. h4 Ba3 22. Be5 Rbd8 23. Qf3 Bd6 24. Bb2 Ba3 25. Be5 Bd6 26. Bxd6 Rxd6 27. Rxd6 Qxd6 28. Rd1 Qa3 29. Qe2 h6 30. Kh2 Qc5 31. Bf3 Rc8 32. Kg2 Kf8 33. Qd2 Ke7 34. Qd3 Qc7 35. Qc3 Rd8 36. Rxd8 Qxd8 37. Qb4+ Qd6 38. Qa4 Qc7 39. b4 g5 40. hxg5 hxg5 41. Qb5 g4 42. Ba8 Nd7 43. a4 Ne5 44. a5 bxa5 45. bxa5 Nxc4 46. Bc6 Nxa5 47. Qc5+ Kf6 48. Qd4+ Ke7 49. Qc5+ Kf6 50. Qd4+ e5 51. Qxg4 Qxc6+ 52. f3 Qc2+ 53. Kh3 Qf5 54. Qxf5+ Kxf5 55. g4+ Kf4 56. Kh4 Nc6 57. Kh5 Ne7 58. Kh6 Kxf3 59. Kg7 Kxg4 60. Kf6 e4 61. Ke5 e3 62. Kf6 e2 63. Kg7 e1=Q 64. Kf8 Ng6+ 65. Kg7 Qe5+ 66. Kh6 Qh8# 0-1


[Site "https://www.chess.com"]

[Event "Titled Tuesday Blitz May 31 Late 2022"]
[White "Large, Peter G"]
[Black "Mangialardo, Tiago Carvalho"]
[WhiteFideId "400866"]
[BlackFideId "2130718"]
[WhiteElo "2064"]
[BlackElo "2102"]
[Result "0-1"]
[Round "10"]
[TimeControl "180+1"]
[Date "2022.06.01"]
[WhiteClock "0:00:01"]
[BlackClock "0:00:03"]

1. Nf3 Nf6 2. b3 d5 3. Bb2 e6 4. g3 Be7 5. Bg2 O-O 6. O-O Nbd7 7. c4 c5 8. cxd5 Nxd5 9. e4 N5f6 10. Qe2 Rb8 11. d4 b6 12. dxc5 Bxc5 13. Rd1 Qe7 14. a3 a5 15. Nc3 Bb7 16. h3 Rfd8 17. Na4 Bxe4 18. Nxc5 Nxc5 19. Qe3 Rxd1+ 20. Rxd1 Rd8 21. Rxd8+ Qxd8 22. b4 axb4 23. axb4 Bxf3 24. Bxf3 Ncd7 25. Bd4 Qc7 26. Kg2 h6 27. h4 Kf8 28. b5 Ke7 29. Bc6 Nc5 30. Bxc5+ bxc5 31. Qxc5+ Qd6 32. Qa7+ Nd7 33. Bxd7 Qxd7 34. b6 Kd6 35. b7 Qc6+ 36. Kh2 Qc2 0-1


[Site "https://www.chess.com"]

[Event "Titled Tuesday Blitz May 31 Late 2022"]
[White "Leiva, Gianmarco"]
[Black "Hirneise, Jens"]
[WhiteFideId "3804399"]
[BlackFideId "24614734"]
[WhiteElo "2323"]
[BlackElo "2359"]
[Result "1-0"]
[Round "10"]
[TimeControl "180+1"]
[Date "2022.06.01"]
[WhiteClock "0:00:05"]
[BlackClock "0:00:02"]

1. Nf3 c5 2. g3 d5 3. Bg2 Nc6 4. O-O e5 5. d3 f6 6. c4 Nge7 7. Nc3 Be6 8. Qa4 Qd7 9. Qb5 b6 10. Re1 O-O-O 11. a3 Nd4 12. Nxd4 cxd4 13. Qa6+ Kb8 14. cxd5 Nxd5 15. Nb5 Qb7 16. Qa4 a6 17. Nxd4 exd4 18. Qxd4 Bc5 19. Qa4 b5 20. Qc2 Qb6 21. e3 Rc8 22. Qe2 Rhd8 23. Bd2 Bf8 24. d4 Ne7 25. Qd3 g6 26. Bc3 Bc4 27. Qd2 f5 28. Ba5 Qe6 29. Bxd8 Rxd8 30. Rac1 Bd5 31. e4 fxe4 32. Bxe4 Bxe4 33. Qf4+ Qd6 34. Qxe4 Nd5 35. Qe6 Bg7 36. Qf7 Bxd4 37. Rcd1 Rf8 38. Qxf8+ Qxf8 39. Rxd4 Nb6 40. Red1 Qf3 41. Rd8+ Kc7 42. R8d3 Qe4 43. Re3 Qg4 44. Rc1+ Kb7 45. Re7+ Kb8 46. Rxh7 Nc4 47. Re1 Qc8 48. Rhe7 Nd6 49. R7e6 Qc5 50. Rxg6 Nc4 51. Rg7 Qc6 52. Rg8+ Kb7 53. Rg7+ Kb6 54. Rge7 Ka5 55. R7e2 Ka4 56. Rc1 Qd5 57. Rec2 Na5 58. Rc3 Nb3 59. Re1 Qd2 60. Ree3 Nd4 61. Rcd3 Ne2+ 62. Kg2 Qxb2 63. Re4+ Ka5 64. h4 Nc3 65. Re6 Qb3 66. Rdd6 Qc4 67. Rxa6# 1-0


[Site "https://www.chess.com"]

[Event "Titled Tuesday Blitz May 31 Late 2022"]
[White "Livaic, Leon"]
[Black "Drygalov, Andrey"]
[WhiteFideId "14531534"]
[BlackFideId "24171735"]
[WhiteElo "2540"]
[BlackElo "2540"]
[Result "1-0"]
[Round "10"]
[TimeControl "180+1"]
[Date "2022.05.31"]
[WhiteClock "0:00:05"]
[BlackClock "0:00:05"]

1. d4 Nf6 2. c4 e6 3. Nf3 d5 4. Nc3 c6 5. Bg5 h6 6. Bxf6 Qxf6 7. Qc2 Nd7 8. e4 dxe4 9. Qxe4 Bd6 10. Bd3 Qf4 11. Qe2 Be7 12. O-O O-O 13. Rfe1 b6 14. Rad1 Bb7 15. Bc2 Rad8 16. g3 Qc7 17. Qd3 Nf6 18. Ne4 g6 19. Ne5 c5 20. Qf3 Nh7 21. Qf4 Bg5 22. Nxg5 hxg5 23. Qe3 cxd4 24. Rxd4 Rxd4 25. Qxd4 Rd8 26. Qe3 Qe7 27. Be4 Bxe4 28. Qxe4 Qc5 29. Re3 Nf6 30. Qb7 Rf8 31. Qxa7 Qd4 32. Qa3 Rd8 33. Kg2 g4 34. Nc6 Qd1 35. Nxd8 Qxd8 36. h3 gxh3+ 37. Kxh3 Qc8 38. Qd3 e5+ 39. Kg2 Ng4 40. Re2 Kg7 41. f3 Nf6 42. Rxe5 Qa8 43. a3 Ng4 44. Qe4 Qd8 45. fxg4 Qd2+ 46. Qe2 Qd4 47. Re7 Kf8 48. Re8+ Kg7 49. Qe5+ Qxe5 50. Rxe5 1-0


[Site "https://www.chess.com"]

[Event "Titled Tuesday Blitz May 31 Late 2022"]
[White "Lobanov, Sergei"]
[Black "Sarana, Alexey"]
[WhiteFideId "24183750"]
[BlackFideId "24133795"]
[WhiteElo "2524"]
[BlackElo "2666"]
[Result "0-1"]
[Round "10"]
[TimeControl "180+1"]
[Date "2022.05.31"]
[WhiteClock "0:00:16"]
[BlackClock "0:00:18"]

1. e4 c5 2. Nf3 d6 3. d4 Nf6 4. Nc3 cxd4 5. Nxd4 a6 6. Bg5 e6 7. f4 Qb6 8. a3 Nc6 9. Nb3 Qe3+ 10. Qe2 Ng4 11. h3 Qg3+ 12. Kd2 Nf2 13. Rg1 h6 14. Qe3 Qxe3+ 15. Kxe3 hxg5 16. fxg5 Ng4+ 17. hxg4 g6 18. Rd1 Be7 19. Kf2 Ne5 20. Be2 Bd7 21. Na5 O-O-O 22. Rd4 Kc7 23. Rgd1 Bc6 24. b4 Bxg5 25. a4 Bh4+ 26. Kg1 Bg5 27. Kf2 Bh4+ 28. Kg1 b6 29. Nxc6 Nxc6 30. Rc4 Kb7 31. b5 axb5 32. Nxb5 Be7 33. a5 Rc8 34. a6+ Kb8 35. Nxd6 Rc7 36. Nb5 Bc5+ 37. Rxc5 bxc5 38. Nxc7 Kxc7 39. Rd7+ Kxd7 0-1


[Site "https://www.chess.com"]

[Event "Titled Tuesday Blitz May 31 Late 2022"]
[White "Lomaia, Diana"]
[Black "Kosteniuk, Alexandra"]
[WhiteFideId "13612476"]
[BlackFideId "4128125"]
[WhiteElo "1744"]
[BlackElo "2469"]
[Result "0-1"]
[Round "10"]
[TimeControl "180+1"]
[Date "2022.05.31"]
[WhiteClock "0:00:14"]
[BlackClock "0:00:15"]

1. d4 Nf6 2. c4 e6 3. Nf3 c5 4. Nc3 d5 5. cxd5 exd5 6. Bg5 Be7 7. e3 O-O 8. Bd3 cxd4 9. Nxd4 h6 10. Bh4 Nc6 11. Nf3 Bg4 12. Be2 Qa5 13. O-O Rad8 14. Nd4 Bxe2 15. Ncxe2 g6 16. Qb3 Qa6 17. Rac1 Kg7 18. h3 Rc8 19. Rfd1 Rfd8 20. Bg3 Ne4 21. Nxc6 bxc6 22. Rc2 Bf6 23. Nd4 c5 24. Nb5 Nxg3 25. fxg3 Qb6 26. Qa4 c4 27. Nd4 Re8 28. Kf2 Re4 29. Qd7 Rd8 30. Qa4 Rde8 31. Re2 R8e7 32. Qa3 a5 33. Qc3 Re8 34. h4 h5 35. Qa3 Bxd4 36. Rxd4 Qf6+ 37. Kg1 Rxd4 38. Rf2 Rd1+ 39. Kh2 Qe5 40. Qxa5 Rd3 41. Qa8 Rxa8 0-1


[Site "https://www.chess.com"]

[Event "Titled Tuesday Blitz May 31 Late 2022"]
[White "Maksimenko, Viktor"]
[Black "Demchenko, Anton"]
[WhiteFideId "13710478"]
[BlackFideId "4160258"]
[WhiteElo "2269"]
[BlackElo "2539"]
[Result "0-1"]
[Round "10"]
[TimeControl "180+1"]
[Date "2022.05.31"]
[WhiteClock "0:00:57"]
[BlackClock "0:00:38"]

1. d4 Nf6 2. c4 g6 3. Nc3 Bg7 4. e4 d6 5. h3 O-O 6. Nf3 e5 7. d5 a5 8. g4 Na6 9. Be3 Nc5 10. Nd2 a4 11. Qc2 c6 12. a3 Bd7 13. O-O-O Ne8 14. Rg1 Nc7 15. Kb1 Kh8 16. Be2 b6 17. dxc6 Bxc6 18. Nd5 N7e6 19. Nf3 Nf4 20. Bf1 Nxd5 21. cxd5 Bd7 22. Nd2 Rc8 23. f3 b5 24. Be2 f5 25. gxf5 gxf5 26. Bxc5 Rxc5 27. Qd3 f4 28. Rc1 Qb6 29. Rxc5 dxc5 30. Qc3 Bf6 31. Rc1 Rc8 32. Bf1 c4 33. Qb4 Qc5 34. Qa5 Bd8 35. Qa6 Qb6 36. Qxb6 Bxb6 37. Kc2 Rg8 38. Nb1 Rg3 39. Be2 Rg2 40. Kd1 Be3 0-1


[Site "https://www.chess.com"]

[Event "Titled Tuesday Blitz May 31 Late 2022"]
[White "Melikhov, Evgeny V."]
[Black "Premnath, R."]
[WhiteFideId "4122046"]
[BlackFideId "5021928"]
[WhiteElo "1931"]
[BlackElo "2576"]
[Result "1-0"]
[Round "10"]
[TimeControl "180+1"]
[Date "2022.06.01"]
[WhiteClock "0:00:20"]
[BlackClock "0:00:02"]

1. d4 Nf6 2. c4 e6 3. Nc3 Bb4 4. Qc2 c5 5. dxc5 Na6 6. a3 Bxc3+ 7. Qxc3 Nxc5 8. f3 a5 9. e4 Nfxe4 10. fxe4 Qh4+ 11. Qg3 Qxg3+ 12. hxg3 Nxe4 13. Bd3 d5 14. Bxe4 dxe4 15. Bf4 O-O 16. Bd6 Rd8 17. c5 a4 18. Ne2 f6 19. Nc3 e5 20. Nxe4 Bf5 21. Nc3 Bc2 22. Kf2 h6 23. Rh4 b6 24. Bc7 Rd2+ 25. Ke1 Rxg2 26. cxb6 Re8 27. Rc1 e4 28. b7 e3 29. Rxc2 Rxc2 30. Re4 Rf8 31. b8=Q Rxb8 32. Bxb8 Rxb2 33. Bd6 Rb3 34. Bb4 g5 35. Rxe3 Kf7 36. Re7+ Kg6 37. Ra7 Kf5 38. Rxa4 Kg4 39. Ra6 f5 40. Rxh6 Kxg3 41. Ne2+ Kg4 42. Rc6 Rb2 43. Rc3 f4 44. Nd4 Ra2 45. Rc2 Ra1+ 46. Kf2 1-0


[Site "https://www.chess.com"]

[Event "Titled Tuesday Blitz May 31 Late 2022"]
[White "Mendoza Criollo, Carlos David"]
[Black "Stanisz, Patryk"]
[WhiteFideId "3618323"]
[BlackFideId "1123106"]
[WhiteElo "1715"]
[BlackElo "1833"]
[Result "1-0"]
[Round "10"]
[TimeControl "180+1"]
[Date "2022.06.01"]
[WhiteClock "0:00:33"]
[BlackClock "0:00:01"]

1. d4 f5 2. g4 d6 3. c4 fxg4 4. h3 Nf6 5. hxg4 Bxg4 6. Bh3 Bxh3 7. Nxh3 c6 8. Ng5 Qa5+ 9. Nc3 Na6 10. a3 g6 11. Qd3 O-O-O 12. Nf7 Bg7 13. Nxd8 Kxd8 14. Bd2 Qc7 15. O-O-O Qd7 16. e4 Ng4 17. Rdf1 c5 18. d5 Nc7 19. f4 a6 20. Qh3 b5 21. cxb5 axb5 22. f5 gxf5 23. Rxf5 Ne5 24. Rh5 h6 25. Qxd7+ Kxd7 26. Bxh6 Bxh6+ 27. Rxh6 Rf8 28. R1h2 Ng4 29. Rh8 Rf1+ 30. Kc2 Nxh2 31. Rxh2 b4 32. axb4 cxb4 33. Ne2 Nb5 34. Kb3 Re1 35. Kxb4 Nc7 36. Kc4 Ne8 37. b4 Nf6 38. e5 dxe5 39. Nc3 Rc1 40. Re2 Kd6 41. b5 e4 42. Kd4 Rh1 43. Nxe4+ Nxe4 44. Rxe4 Rd1+ 45. Kc4 Rc1+ 46. Kb4 Rb1+ 47. Ka5 Ra1+ 48. Kb6 Rd1 49. Re6+ Kd7 50. Re5 Kd6 51. Kb7 1-0


[Site "https://www.chess.com"]

[Event "Titled Tuesday Blitz May 31 Late 2022"]
[White "Mickiewicz, Piotr"]
[Black "Prado Lobo, Jonas"]
[WhiteFideId "1114891"]
[BlackFideId "32050666"]
[WhiteElo "2223"]
[BlackElo "2214"]
[Result "0-1"]
[Round "10"]
[TimeControl "180+1"]
[Date "2022.06.01"]
[WhiteClock "0:00:12"]
[BlackClock "0:01:14"]

1. e4 e5 2. Nf3 Nf6 3. Nxe5 d5 4. exd5 Qxd5 5. Qe2 Be7 6. Nc3 Qd8 7. d3 O-O 8. Nf3 Bb4 9. Qd1 Re8+ 10. Be2 Qe7 11. Bd2 Bg4 12. Kf1 Nc6 13. h3 Bh5 14. Nh4 Bxc3 15. Bxh5 Bxd2 16. Bxf7+ Qxf7 17. Qxd2 Rad8 18. Nf3 Nd5 19. Re1 Rxe1+ 20. Kxe1 Nf4 21. Kd1 Nxg2 22. Ng5 Qxa2 23. Rg1 Qb1+ 24. Qc1 Qxc1+ 25. Kxc1 Nf4 26. Rg4 Rf8 27. Kd2 h6 28. Ne4 Nxh3 29. Ke2 Nd4+ 30. Ke3 Nxc2+ 31. Kd2 Nxf2 32. Nxf2 Rxf2+ 33. Kc3 Ne3 34. Re4 Nd5+ 35. Kd4 Nf6 36. Re7 Rxb2 37. Rxc7 a5 38. Ke5 a4 39. d4 a3 40. Rc8+ Kh7 41. Ra8 a2 42. d5 b5 43. d6 b4 44. Ke6 b3 0-1


[Site "https://www.chess.com"]

[Event "Titled Tuesday Blitz May 31 Late 2022"]
[White "Moroni, Luca Jr"]
[Black "Paravyan, David"]
[WhiteFideId "865834"]
[BlackFideId "4194985"]
[WhiteElo "2573"]
[BlackElo "2569"]
[Result "1-0"]
[Round "10"]
[TimeControl "180+1"]
[Date "2022.05.31"]
[WhiteClock "0:00:28"]
[BlackClock "0:00:14"]

1. d4 Nf6 2. Nf3 g6 3. Bf4 Bg7 4. Nc3 d5 5. Nb5 Na6 6. e3 O-O 7. h3 Bf5 8. Be2 c6 9. Nc3 Nb4 10. Rc1 Ne4 11. Nxe4 dxe4 12. Nd2 Nxa2 13. Ra1 Nb4 14. g4 Be6 15. Nxe4 Bd5 16. Bf3 c5 17. c3 Bxe4 18. Bxe4 Nd5 19. Bg3 cxd4 20. cxd4 e6 21. O-O Qd7 22. Qb3 Rfd8 23. Rfc1 a6 24. Rc2 Rac8 25. Rac1 Rxc2 26. Rxc2 Bf8 27. Kg2 b5 28. Bxd5 Qxd5+ 29. Qxd5 Rxd5 30. Rc8 a5 31. Be5 a4 32. Bf6 Rd7 33. Ra8 h6 34. h4 Rb7 35. f4 b4 36. Rxa4 Rb8 37. b3 Bg7 38. Bxg7 Kxg7 39. Kf3 Kf6 40. g5+ hxg5 41. hxg5+ Ke7 42. Ra7+ Kf8 43. Ke4 Rc8 44. Rb7 Rc3 45. Rxb4 Ke7 46. Rb7+ Kf8 47. Ke5 Rxe3+ 48. Kf6 Kg8 49. Rxf7 Re4 50. Kxg6 Rxd4 51. Rb7 Kf8 52. Kf6 Rxf4+ 53. Kxe6 Rg4 54. Kf6 Rf4+ 55. Kg6 1-0


[Site "https://www.chess.com"]

[Event "Titled Tuesday Blitz May 31 Late 2022"]
[White "Nakamura, Hikaru"]
[Black "Sadhwani, Raunak"]
[WhiteFideId "2016192"]
[BlackFideId "35093487"]
[WhiteElo "2850"]
[BlackElo "2616"]
[Result "1-0"]
[Round "10"]
[TimeControl "180+1"]
[Date "2022.05.31"]
[WhiteClock "0:00:07"]
[BlackClock "0:00:03"]

1. Nf3 d5 2. e3 Nf6 3. c4 e6 4. b3 Bd6 5. Bb2 O-O 6. g3 Re8 7. Bg2 dxc4 8. bxc4 e5 9. d3 Bb4+ 10. Bc3 Nc6 11. O-O Bf5 12. Ne1 Bc5 13. Qb3 Rb8 14. Na3 Qd7 15. Rd1 Bf8 16. Nac2 a6 17. f4 exf4 18. Rxf4 Ne5 19. e4 Bg4 20. Rd2 b5 21. c5 Ng6 22. Rxf6 gxf6 23. d4 b4 24. Bb2 Be6 25. c6 Qd6 26. d5 Bc8 27. Rf2 Bg7 28. Ne3 Qc5 29. g4 a5 30. N1c2 Ra8 31. Bd4 Qb5 32. Bf1 a4 33. Qb2 Qa5 34. Bxf6 a3 35. Qa1 Bf8 36. Bg2 Ba6 37. Nd4 Bd3 38. e5 Qb6 39. e6 fxe6 40. dxe6 b3 41. axb3 Ra5 42. Nd5 Rxd5 43. Bxd5 Be7 44. Bxe7 Nxe7 45. Bg2 Rd8 46. Qxa3 Ng6 47. e7 Re8 48. Nf5 Bxf5 49. gxf5 Nxe7 50. f6 Rf8 51. Qxe7 1-0


[Site "https://www.chess.com"]

[Event "Titled Tuesday Blitz May 31 Late 2022"]
[White "Omariev, Maksim"]
[Black "Djokic, Mihailo"]
[WhiteFideId "4193423"]
[BlackFideId "976440"]
[WhiteElo "2534"]
[BlackElo "2202"]
[Result "1-0"]
[Round "10"]
[TimeControl "180+1"]
[Date "2022.05.31"]
[WhiteClock "0:00:01"]
[BlackClock "0:01:24"]

1. e4 c5 2. Nf3 d6 3. d4 cxd4 4. Nxd4 Nf6 5. Nc3 g6 6. Be3 Bg7 7. f3 O-O 8. g4 Nc6 9. Qd2 Be6 10. h4 h5 11. Nxe6 fxe6 12. Bh3 hxg4 13. fxg4 Ne5 14. O-O-O Nfxg4 15. Bg1 Bh6 16. Qxh6 Nxh6 17. Bxe6+ Kh7 18. h5 g5 19. Be3 Rf6 20. Bb3 g4 21. Bg5 Rf2 22. Nd5 Ng8 23. Bh4 Rg2 24. Nf4 Rxc2+ 25. Kxc2 Rc8+ 26. Kb1 a5 27. Ne6 Qe8 28. Ng5+ Kh6 29. Be6 Rc5 30. Rdf1 Nf6 31. Bf5 Nxh5 32. Ne6 Rb5 33. Bg5# 1-0


[Site "https://www.chess.com"]

[Event "Titled Tuesday Blitz May 31 Late 2022"]
[White "Pakleza, Zbigniew"]
[Black "Hardaway, Brewington"]
[WhiteFideId "1119290"]
[BlackFideId "30941849"]
[WhiteElo "2467"]
[BlackElo "1768"]
[Result "1/2-1/2"]
[Round "10"]
[TimeControl "180+1"]
[Date "2022.05.31"]
[WhiteClock "0:00:03"]
[BlackClock "0:00:08"]

1. d4 Nf6 2. Nf3 e6 3. Bf4 c5 4. c3 Nc6 5. e3 Be7 6. Nbd2 O-O 7. Bd3 b6 8. O-O Bb7 9. a3 d6 10. Qe2 h6 11. h3 Re8 12. Bh2 Bf8 13. e4 cxd4 14. cxd4 Nd7 15. Rfc1 Rc8 16. Ba6 Qc7 17. b4 e5 18. Bxb7 Qxb7 19. d5 Ne7 20. Nc4 Ng6 21. Nfd2 Qb8 22. Kh1 Nf6 23. Qd1 Rc7 24. Rc2 Rec8 25. Rac1 Be7 26. Ne3 Ne8 27. g3 Bg5 28. Ndf1 Qb7 29. h4 Bd8 30. Qd3 Ne7 31. f3 h5 32. Bg1 g6 33. Bf2 Ng7 34. Kg2 f5 35. Nd2 b5 36. Nb3 a6 37. Na5 Qa8 38. Nc6 fxe4 39. fxe4 Ne8 40. g4 Kh7 41. gxh5 gxh5 42. Nxd8 Rxc2 43. Rxc2 Rxc2 44. Qxc2 Qxd8 45. Qe2 Nf6 46. Qf3 Ng6 47. Bg3 Qf8 48. Nf5 Ng4 49. Kh3 Qf6 50. Qc3 Nf4+ 51. Bxf4 exf4 52. Qc7+ Kg6 53. Qc2 Ne5 54. Qg2+ Ng4 55. Qc2 Ne5 56. Qg2+ Kh7 57. Qc2 f3 58. Qf2 Qg6 59. Qg3 Qg4+ 60. Qxg4 hxg4+ 61. Kg3 Kg6 62. Nxd6 Kh5 63. Nf5 Nd3 64. d6 f2 65. Ne3 Ne5 66. Kxf2 Kxh4 67. Nf5+ Kg5 68. Kg3 Nd7 69. Nd4 Kf6 70. Kf4 g3 71. Nf3 g2 72. Kg3 Ke6 73. Kxg2 Kxd6 74. Kf2 Nb6 75. Ke3 Nc4+ 76. Kd3 Nxa3 77. Nd4 Nc4 78. Nb3 Ke5 79. Nc5 Nb2+ 80. Kc3 Nd1+ 81. Kd3 Nf2+ 82. Ke3 Ng4+ 83. Kf3 Nf6 84. Ke3 Ng4+ 85. Kd3 Nf2+ 86. Ke3 Ng4+ 1/2-1/2


[Site "https://www.chess.com"]

[Event "Titled Tuesday Blitz May 31 Late 2022"]
[White "Przybylski, Wojciech"]
[Black "Rosen, Eric"]
[WhiteFideId "1117599"]
[BlackFideId "2032562"]
[WhiteElo "2133"]
[BlackElo "2362"]
[Result "1-0"]
[Round "10"]
[TimeControl "180+1"]
[Date "2022.05.31"]
[WhiteClock "0:00:34"]
[BlackClock "0:00:01"]

1. e4 e5 2. Nf3 Nf6 3. Nxe5 Nc6 4. Nf3 Nxe4 5. Nc3 d5 6. Bb5 Bg4 7. h3 Bh5 8. O-O Be7 9. d3 Nxc3 10. bxc3 O-O 11. Bxc6 bxc6 12. Re1 Bd6 13. Re3 Qf6 14. d4 Rfe8 15. Rxe8+ Rxe8 16. Be3 Bxf3 17. Qxf3 Qxf3 18. gxf3 Rb8 19. Bc1 f6 20. Kf1 Kf7 21. Ke2 Re8+ 22. Be3 Rb8 23. Kd3 Ke6 24. c4 f5 25. c5 Be7 26. Bf4 Kd7 27. Be5 g6 28. f4 Bd8 29. a4 Kc8 30. a5 a6 31. Kd2 Rb5 32. Kc1 Kd7 33. c3 Bh4 34. f3 Rb7 35. Kc2 Ke6 36. Ra4 Bd8 37. Ra1 Kf7 38. Ra3 Rb5 39. c4 dxc4 40. Kc3 Rb1 41. Kxc4 Rc1+ 42. Kd3 Rb1 43. Kc2 Rb5 44. Kc3 Ke6 45. Kc4 Rb1 46. Re3 Rc1+ 47. Kb3 Kd7 48. Kb2 Rh1 49. Rb3 Rh2+ 50. Kc3 Rxh3 51. Kd2 Rh2+ 52. Ke3 Ra2 53. Rb1 Ra3+ 54. Kf2 Rxa5 55. Rh1 Ra2+ 56. Ke3 h5 57. Rg1 h4 58. Rxg6 h3 59. Rg7+ Kc8 60. Rg8 h2 61. Rh8 Kb7 62. Kd3 a5 63. Kc4 Rf2 64. d5 cxd5+ 65. Kxd5 c6+ 66. Ke6 Ka6 67. Kd7 Rd2+ 68. Kxc6 a4 69. Bc3 Rd3 70. Be5 Rd2 71. Bd6 a3 72. Rxd8 Ka7 73. Rh8 a2 74. Bb8+ Ka8 75. Be5+ Ka7 76. Kb5 Rc2 77. c6 1-0


[Site "https://www.chess.com"]